 Dungeon Crawl Stone Soup version 0.29.1-1-gd02db69 (webtiles) character file.

Game seed: 6665119289545005573

51 Kel the Magician (level 3, 0/19 HPs)
             Began as a Deep Elf Hedge Wizard on Jan 26, 2023.
             Succumbed to an adder's poison
             ... on level 3 of the Dungeon.
             The game lasted 00:10:28 (3079 turns).

Kel the Magician (Deep Elf Hedge Wizard)            Turns: 3079, Time: 00:10:29

Health: 0/19       AC: 10    Str:  7    XL:     3   Next: 57%
Magic:  11/11      EV: -1    Int: 20    God:
Gold:   122        SH:  0    Dex: 14    Spells: 5/11 levels left

rFire   . . .      SeeInvis .   m - +0 mace (holy)
rCold   . . .      Faith    .   (no shield)
rNeg    . . .      Spirit   .   a - +0 plate armour
rPois   .          Reflect  .   c - +0 hat
rElec   .          Harm     .   (no cloak)
rCorr   .          Rampage  .   (no gloves)
Will    .....                   (no boots)
Stlth   ..........              g - amulet of the acrobat
HPRegen 0.06/turn               (no ring)
MPRegen 0.12/turn               (no ring)

@: lethally poisoned (0 -> -4)
A: no striking features
a: no special abilities


You were on level 3 of the Dungeon.
You visited 1 branch of the dungeon, and saw 3 of its levels.

You collected 122 gold pieces.

Inventory:

Hand Weapons
 m - a +0 mace of holy wrath (weapon)
Missiles
 j - a throwing net
Armour
 a - a +0 plate armour (worn)
 c - a +0 hat (worn)
Jewellery
 g - an amulet of the acrobat (around neck)
Scrolls
 b - a scroll of magic mapping {unknown}
 f - 2 scrolls of torment {unknown}
 h - 2 scrolls of identify {unknown}
 i - a scroll of poison {unknown}
 l - a scroll of fear {unknown}
Potions
 d - a potion of magic
 k - a potion of mutation {unknown}


   Skills:
 - Level 3.1 Dodging
 - Level 3.0 Stealth
 + Level 4.8 Spellcasting
 - Level 1.7 Conjurations
 + Level 0.1 Hexes
 - Level 1.7 Summonings
 + Level 1.6 Translocations


You had 5 spell levels left.
You knew the following spells:

 Your Spells              Type           Power      Damage    Failure   Level
a - Magic Dart            Conj           44%        1d5       100%        1
b - Blink                 Tloc           22%        N/A       100%        2
c - Tukima's Dance        Hex            5%         N/A       100%        3

Your spell library contained the following spells:

 Spells                   Type           Power      Damage    Failure   Level
 Slow                     Hex            20%        N/A       100%        1
 Call Imp                 Summ           12%        N/A       100%        2
 Conjure Flame            Conj/Fire      8%         6-21      100%        3
 Mephitic Cloud           Conj/Pois/Air  7%         N/A       100%        3
 Passage of Golubria      Tloc           11%        N/A       100%        4
 Yara's Violent Unravell  Hex/Tmut       2%         3d3       100%        5


Dungeon Overview and Level Annotations

Branches:
Dungeon (3/15)

Altars:
Wu Jian


Message History

You are too injured to fight recklessly!
You are too injured to fight recklessly!
You are too injured to fight recklessly!
You are too injured to fight recklessly!
You are too injured to fight recklessly!
You are too injured to fight recklessly!
You are too injured to fight recklessly!
You miss the adder.
The adder is almost dead.
The adder bites you. The adder bites you but does no damage.
You barely miss the adder.
The adder is severely wounded.
The adder bites you. The adder bites you but does no damage.
You closely miss the adder.
The adder is severely wounded.
The adder bites you but does no damage.
You closely miss the adder.
The adder is severely wounded.
The adder bites you. The adder bites you but does no damage.
You closely miss the adder.
The adder is severely wounded.
The adder bites you but does no damage. x2
You closely miss the adder.
The adder is heavily wounded.
The adder bites you but does no damage. The adder bites you.
* * * LOW HITPOINT WARNING * * *
You hit the adder.
The adder is severely wounded.
The adder bites you.
* * * LOW HITPOINT WARNING * * *
You are lethally poisoned!
The adder poisons you! The adder bites you.
* * * LOW HITPOINT WARNING * * *
You miss the adder.
The adder is severely wounded.
* * * LOW HITPOINT WARNING * * *
You feel sick. The adder bites you but does no damage.
You hit the adder.
The adder is severely wounded.
You die...

# #.# # #.# ##########.## #
#.# #~.........(# # #.#
#~~.........# # #.#
#~~~~......(# # #.#
#~~~~.......# ####.#
#~~~~...._).# ...<.#
#~~...S..♣..# ######
#.#~~.(.@.....# ####
#.######.###### ...# #.#
#.##.# ##.# #.# #....# #.#
#.# ####.# #.# #.#
#####.######. #.# #.#
#............
##.######.#####.###.######.
..[............†.......


You could see an adder.

Vanquished Creatures
  A worm (D:2)
  3 dart slugs
  5 bats
  3 endoplasms (D:1)
  A giant cockroach (D:1)
  7 goblins
  3 hobgoblins
  A quokka (D:1)
  7 ball pythons
  5 frilled lizards
  3 kobolds
  4 rats (D:2)
43 creatures vanquished.

Notes
Turn   | Place    | Note
-------+----------+-------------------------------------------
     0 | D:1      | Kel the Deep Elf Hedge Wizard began the quest for the Orb.
     0 | D:1      | Reached XP level 1. HP: 10/10 MP: 7/7
   168 | D:1      | Found a faded altar of an unknown god.
   490 | D:1      | Reached XP level 2. HP: 15/15 MP: 5/9
  1686 | D:2      | Reached XP level 3. HP: 2/19 MP: 4/11
  2727 | D:2      | Learned a level 2 spell: Blink
  2758 | D:2      | Learned a level 3 spell: Tukima's Dance
  3060 | D:3      | Found an ornate altar of the Wu Jian Council.
  3079 | D:3      | Succumbed to an adder's poison

Illustrated notes

Levels and vault maps discovered:
D:1:      roderic_dead_forest, layout_basic,
          shapermc_ecumenical_altar_starsandcircs, nrook_mini_backslash,
          hangedman_abyss_or_decor_lesser_grid
D:2:      layout_rooms, minmay_tiny_reverse_x
D:3:      layout_loops_ring, nzn_wu_jian_contemplation, fiery_altar_vehumet,
          old_standard_altar

Skill      XL: |  1  2  3 |
---------------+----------+-----
Dodging        | 3 |  3.1
Stealth        | 3 |  3.0
Spellcasting   | |  4.8
Conjurations   | |  1.7
Hexes          | |  0.1
Summonings     | |  1.7
Translocations | |  1.6

Action                   || total
-------------------------++-------
Melee: Dagger            ||    32
       Mace              ||    49
 Cast: Magic Dart        ||    78
Armor: Leather armour    ||    11
       Plate armour      ||    27
Dodge: Dodged            ||    44
